 Dungeon Crawl Stone Soup version 0.24.0-2-g5b39cebb1c (webtiles) character file.

Game seed: 17455254735054422944, levelgen mode: deterministic

169 Oravi the Grave Robber (level 5, -11/45 HPs)
             Began as a Ghoul Necromancer on Oct 31, 2019.
             Mangled by an orc warrior
             ... wielding a +0 short sword
              (12 damage)
             ... on level 3 of the Dungeon.
             The game lasted 00:11:36 (3751 turns).

Oravi the Grave Robber (Ghoul Necromancer)          Turns: 3751, Time: 00:11:36

Health: -11/45     AC:  8    Str: 13    XL:     5   Next: 50%
Magic:  6/6        EV:  6    Int: 10    God:
Gold:   181        SH:  0    Dex:  9    Spells: 6/7 levels left

rFire    . . .     SeeInvis .     - Unarmed
rCold    + . .     Gourm    .   (no shield)
rNeg     + + +     Faith    .   e - +0 chain mail
rPois    ∞         Spirit   .   (no helmet)
rElec    .         Reflect  .   j - scarf {cloud immunity}
rCorr    .         Harm     .   (no gloves)
MR       .....                  (no boots)
Stlth    ..........             (no amulet)
HPRegen  0.00/turn              k - ring of flight
MPRegen  0.10/turn              (no ring)

@: rotting, invisible
A: rotting body, claws 1, carnivore, cold resistance 1, negative energy
resistance 3, inhibited regeneration, torment resistance, unbreathing
a: Evoke Flight


You were on level 3 of the Dungeon.
You were not hungry.

You visited 1 branch of the dungeon, and saw 4 of its levels.

You collected 181 gold pieces.

Inventory:

Missiles
 g - 30 sling bullets
 l - 160 stones
 q - 5 silver javelins
 y - 5 boomerangs (quivered)
Armour
 a - a +0 robe
 d - a +0 leather armour
 e - a +0 chain mail (worn)
 j - a scarf of cloud immunity (worn)
Jewellery
 k - a ring of flight (left claw)
Scrolls
 h - a scroll of identify {@r1}
 n - a scroll of remove curse {@r2}
 s - a scroll of amnesia {unknown}
 t - a scroll of enchant weapon {unknown}
 u - a scroll of teleportation {unknown}
 v - 2 scrolls of enchant armour {unknown}
Potions
 b - a potion of mutation
 f - 2 potions of curing {@q1}
 p - a potion of lignification
 w - a potion of ambrosia
Comestibles
 c - 12 rations


   Skills:
 + Level 3.0 Fighting
 + Level 2.4 Armour
 - Level 1.7 Dodging
 - Level 2.1 Stealth
 + Level 3.0 Unarmed Combat
 - Level 1.7 Spellcasting
 - Level 4.0 Necromancy


You had 6 spell levels left.
You knew the following spells:

 Your Spells              Type           Power        Failure   Level  Hunger
a - Pain                  Necr           #...         89%         1    ##.....

Your spell library contained the following spells:

 Spells                   Type           Power        Failure   Level  Hunger
 Animate Skeleton         Necr           N/A          89%         1    ##.....
 Vampiric Draining        Necr           #.........   99%         3    ####...
 Magic Dart               Conj           #...         100%        1    ##.....
 Blink                    Tloc           N/A          100%        2    ###....
 Call Imp                 Summ           #.......     100%        2    ###....
 Slow                     Hex            #.......     100%        2    ###....
 Conjure Flame            Conj/Fire      #.......     100%        3    ####...
 Mephitic Cloud           Conj/Pois/Air  #.......     100%        3    ####...
 Regeneration             Chrm/Necr      #.........   100%        3    ####...
 Animate Dead             Necr           N/A          100%        4    #####..


Dungeon Overview and Level Annotations

Branches:
Dungeon (4/15)             Temple (0/1) D:4

Altars:


Innate Abilities, Weirdness & Mutations

Your body is rotting away.
You thrive on raw meat.
You are immune to poison.
You have sharp fingernails.
You are carnivorous and can eat meat at any time.
Your flesh is cold resistant. (rC+)
You are immune to negative energy. (rN+++)
You do not regenerate when monsters are visible.
You are immune to unholy pain and torment.
You can survive without breathing.


Message History

The puff of frost hits you but does no damage.
You resist.
The orc warrior hits you with a +0 short sword!
* * * LOW HITPOINT WARNING * * *
You climb upwards.
There is a stone staircase leading down here.
The orc warrior hits you with a +0 short sword.
* * * LOW HITPOINT WARNING * * *
You feel much better.
The orc warrior hits you with a +0 short sword!
* * * LOW HITPOINT WARNING * * *
You scratch the orc warrior.
The orc warrior is lightly wounded.
The orc warrior hits you with a +0 short sword!
* * * LOW HITPOINT WARNING * * *
Unknown command.
Okay, then.
You fade into invisibility!
The orc warrior hits you with a +0 short sword!
You die...

##############
#....÷.......#
#.##########.# #.# #.#
#####.##### ##.##
#....@o...#####...####
#.#######.............
#.# #..####...#### ###.#
#.<## ##.## #...# #...#
#.# #.#.# #...####.#####
#.#.# #.............
#.#.#######.#.##########
#.#.........#.# #


You could see an orc warrior.

Vanquished Creatures
  An orc priest (D:3)
  Terence (D:2)
  A gnoll (D:3)
  3 adders
  An ooze (D:3)
  A worm (D:3)
  3 leopard geckos
  4 orcs (D:3)
  8 bats
  2 giant cockroaches
  6 hobgoblins
  7 jackals (D:1)
  9 kobolds
  A quokka (D:3)
  3 ball pythons
  A frilled lizard (D:2)
  4 goblins
  9 rats
65 creatures vanquished.

Notes
Turn   | Place    | Note
-------+----------+-------------------------------------------
     0 | D:1      | Oravi the Ghoul Necromancer began the quest for the Orb.
     0 | D:1      | Reached XP level 1. HP: 14/14 MP: 2/2
   269 | D:1      | Reached XP level 2. HP: 22/22 MP: 3/3
   292 | D:1      | Reached skill level 1 in Fighting
   292 | D:1      | Reached skill level 1 in Unarmed Combat
   516 | D:1      | Reached skill level 1 in Armour
   632 | D:1      | Reached XP level 3. HP: 27/28 MP: 4/4
  1597 | D:2      | Noticed Terence
  1614 | D:2      | Killed Terence
  1614 | D:2      | Reached XP level 4. HP: 26/36 MP: 5/5
  2147 | D:3      | Reached XP level 5. HP: 42/42 MP: 6/6
  3459 | D:4      | Noticed an orc warrior
  3750 | D:3      | HP: 1/45 [orc warrior/+0 short sword (13)]
  3751 | D:3      | Mangled by an orc warrior

Levels and vault maps discovered:
D:1:      matt_arrival_grand_opening, layout_basic,
          minmay_misc_feat_secret_circle, hangedman_decor_growths, minivault_23,
          kennysheep_doodads
D:2:      layout_loops_ring, uniq_terence
D:3:      layout_loops_ring, first_ration
D:4:      layout_gridville, temple_pool_b, enter_ossuary_4

Skill      XL: |  1  2  3  4  5 |
---------------+----------------+-----
Fighting       | 1 2 3 |  3.0
Unarmed Combat | 1 2 3 |  3.0
Armour         | 1 2 |  2.4
Dodging        | |  1.7
Stealth        | |  2.1
Spellcasting   | |  1.7
Necromancy     | |  4.0

Action                   |  1- 3 |  4- 6 || total
-------------------------+-------+-------++-------
Melee: Unarmed           |   177 |   188 ||   365
       Punch             |       |     1 ||     1
Throw: Javelin           |     1 |       ||     1
       Boomerang         |       |     2 ||     2
 Cast: Pain              |     1 |       ||     1
  Use: Scroll            |       |     8 ||     8
       Potion            |       |     2 ||     2
  Eat: Chunk             |     4 |     7 ||    11
Armor: Chain mail        |   132 |   107 ||   239
       Robe              |     1 |       ||     1
Dodge: Dodged            |    53 |    56 ||   109
